 Dungeon Crawl Stone Soup version 0.20.0-15-g7f486f2 (webtiles) character file.

907 polve the Skirmisher (level 8, 0/45 HPs)
             Began as a Vine Stalker Fighter on July 1, 2017.
             Was a Believer of Uskayaw.
             Slain by Prince Ribbit (7 damage)
             ... on level 5 of the Dungeon.
             The game lasted 00:04:43 (5289 turns).

polve the Skirmisher (Vine Stalker Fighter)         Turns: 5289, Time: 00:04:44

Health: 0/45       AC: 11    Str: 20    XL:     8   Next: 8%
Magic:  0/9        EV:  3    Int:  8    God:    Uskayaw [**....]
Gold:   306        SH:  9    Dex: 15    Spells: 7/7 levels left

rFire    . . .     SeeInvis .   a - +0 long sword
rCold    . . .     Gourm    .   c - +0 shield
rNeg     + . .     Faith    .   A - +0 plate armour
rPois    .         Spirit   +   (no helmet)
rElec    .         Reflect  .   (no cloak)
rCorr    .         Harm     +   (no gloves)
MR       ++...                  (no boots)
Stlth    ..........             g - amulet of harm
Regen    0.6/turn               n - ring of protection from magic
MPRegen  0.2/turn               B - ring of positive energy

@: no status effects
A: fangs 3, regeneration 1, magic shield, antimagic bite, no potion heal 3, rot
immunity
a: Stomp, Line Pass, Renounce Religion


You were on level 5 of the Dungeon.
You worshipped Uskayaw.
Uskayaw was noncommittal.
You were hungry.

You visited 1 branch of the dungeon, and saw 5 of its levels.

You collected 306 gold pieces.

Inventory:

Hand Weapons
 a - a +0 long sword (weapon)
Armour
 c - a +0 shield (worn)
 A - a +0 plate armour (worn)
Jewellery
 g - an amulet of harm (around neck)
 n - a ring of protection from magic (left hand)
 B - a ring of positive energy (right hand)
Wands
 x - a wand of flame (21/48)
 y - a wand of paralysis (13/24)
 F - a wand of polymorph (18/24)
Scrolls
 d - a scroll of blinking {unknown}
 h - 3 scrolls of teleportation
 i - 2 scrolls of recharging
 l - 7 scrolls of identify
 q - 2 scrolls of remove curse {unknown}
 s - 2 scrolls of enchant weapon
 t - a scroll of fear {unknown}
 w - a scroll of magic mapping {unknown}
 D - a scroll of immolation {unknown}
 G - a scroll of random uselessness {unknown}
Potions
 b - 2 potions of ambrosia {unknown}
 e - 4 potions of flight
 j - a potion of degeneration {unknown}
 m - a potion of agility {unknown}
 o - a potion of haste {unknown}
 p - 4 potions of brilliance
 v - a potion of invisibility {unknown}
 z - a potion of berserk rage {unknown}
 C - a potion of might
 E - 2 potions of lignification {unknown}
Books
 u - a book of Callings

   Spells                             Type                      Level
   a - Summon Small Mammal            Summoning                    1
   b - Call Imp                       Summoning                    2
   c - Call Canine Familiar           Summoning                    3
   d - Summon Guardian Golem          Hexes/Summoning              3
   e - Summon Lightning Spire         Summoning/Air                4
   f - Summon Ice Beast               Ice/Summoning                4
 I - a book of Battle

   Spells                             Type                      Level
   a - Infusion                       Charms                       1
   b - Shroud of Golubria             Charms/Translocation         2
   c - Song of Slaying                Charms                       2
   d - Spectral Weapon                Hexes/Charms                 3
   e - Regeneration                   Charms/Necromancy            3
Comestibles
 f - 3 bread rations
 k - a meat ration
 r - 3 royal jellies
 H - a fruit


   Skills:
 + Level 6.3 Fighting
 + Level 6.0 Long Blades
 - Level 2.4 Armour
 - Level 2.6 Shields


You had 7 spell levels left.
You didn't know any spells.

Dungeon Overview and Level Annotations

Branches:
Dungeon (5/15)
 Temple: D:4-7

Altars:
Fedhas
Gozag
Okawaru
Qazlal
Sif Muna
Trog
Uskayaw

Annotations:
D:5 Prince Ribbit


Innate Abilities, Weirdness & Mutations

You have razor-sharp teeth.
Your natural rate of healing is unusually fast.
When hurt, damage is shared between your health and your magic reserves.
Your bite disrupts and absorbs the magic of your enemies.
Potions cannot restore your health.
You are immune to rotting.


Message History

You block Prince Ribbit's attack. x2
You block Prince Ribbit's attack.
There is a stone staircase leading up here.
You miss Prince Ribbit. You bite Prince Ribbit!
Prince Ribbit's magic leaks into the air.
You drain his magic.
You feel invigorated.
Prince Ribbit is moderately wounded.
Prince Ribbit hits you but does no damage.
Prince Ribbit falters for a moment.
You can now pass through a line of other dancers.
You closely miss Prince Ribbit. Your bite misses Prince Ribbit.
Prince Ribbit is moderately wounded.
Prince Ribbit hits you.
* * * LOW HITPOINT WARNING * * *
You closely miss Prince Ribbit.
Prince Ribbit is moderately wounded.
Prince Ribbit hits you!
* * * LOW HITPOINT WARNING * * *
Prince Ribbit hits you!
You die...

..#....##....###.#...# #...#.##.#
..'....''........#...# #...#.##.#
###....##....##..#...# #...#....#
# #.<..#.........#...# #...#.####
# #....#....###..#...# #...#.#...
# ##'###....# #..#...# #...#.#.##
# #.# #....###..#...# #...###.#
####.# #....'..F.#...# #...#...#
.....###....###.@#...# #...###'##
.....)...........#...# #...##....
###############..#...###...##....
#......########..#....#....##....
...............<.##.......##'....
..................##.....##.#....
..####.########..#.##...###.#....
#.####.########..#..#####...#####
............................#


You could see Prince Ribbit.

Vanquished Creatures
  The ghost of polve the Skirmisher, an amateur VSFi (D:3)
  3 scorpions (D:5)
  6 orc wizards
  3 orc priests (D:5)
  Ijyb (D:3)
  Jessica (D:3)
  2 worker ants (D:4)
  9 adders
  A shadow imp (D:5)
  2 oozes
  An adder zombie (D:5)
  6 worms
  3 dart slugs
  3 leopard geckos
  13 orcs
  A ball python (D:1)
  5 giant cockroaches
  17 goblins
  3 hobgoblins (D:2)
  2 jackals (D:2)
  14 kobolds
  3 quokkas
  5 bats
  6 frilled lizards
  5 rats
116 creatures vanquished.

Notes
Turn   | Place    | Note
-------+----------+-------------------------------------------
     0 | D:1      | polve the Vine Stalker Fighter began the quest for the Orb.
     0 | D:1      | Reached XP level 1. HP: 11/11 MP: 2/2
    55 | D:1      | Reached XP level 2. HP: 11/16 MP: 1/3
   708 | D:2      | Reached XP level 3. HP: 9/20 MP: 4/4
  1496 | D:2      | Found a bloodstained altar of Trog.
  1659 | D:2      | Gained mutation: Your natural rate of healing is unusually fast. [Vine Stalker growth]
  1659 | D:2      | Reached XP level 4. HP: 24/24 MP: 5/5
  2010 | D:2      | Found a blossoming altar of Fedhas.
  2171 | D:2      | Reached XP level 5. HP: 26/29 MP: 4/6
  2649 | D:3      | Noticed Jessica
  2654 | D:3      | Killed Jessica
  2684 | D:3      | Found an iron altar of Okawaru.
  2685 | D:3      | Found a deep blue altar of Sif Muna.
  2737 | D:3      | Reached XP level 6. HP: 27/34 MP: 5/7
  2798 | D:3      | Found a hide-covered altar of Uskayaw.
  2841 | D:3      | Became a worshipper of Uskayaw the Reveler
  2860 | D:3      | Noticed polve's ghost (amateur VSFi)
  2893 | D:3      | Reached * piety under Uskayaw
  2894 | D:3      | Reached ** piety under Uskayaw
  2895 | D:3      | Killed polve's ghost
  2895 | D:3      | Reached skill level 5 in Fighting
  2926 | D:3      | Found an iron altar of Okawaru.
  2936 | D:3      | Noticed Ijyb
  2941 | D:3      | Killed Ijyb
  2941 | D:3      | Reached skill level 5 in Long Blades
  2981 | D:3      | Reached XP level 7. HP: 36/39 MP: 8/8
  3094 | D:3      | Found an opulent altar of Gozag.
  3094 | D:3      | Found a stormy altar of Qazlal.
  4190 | D:5      | Entered Level 5 of the Dungeon
  4283 | D:5      | Reached *** piety under Uskayaw
  4578 | D:5      | Noticed Prince Ribbit
  4583 | D:5      | Reached **** piety under Uskayaw
  4773 | D:5      | Gained mutation: You have razor-sharp teeth. [Vine Stalker growth]
  4773 | D:5      | Reached XP level 8. HP: 14/44 MP: 9/9
  4773 | D:5      | Reached ***** piety under Uskayaw
  5289 | D:5      | Slain by Prince Ribbit

Skill      XL: |  1  2  3  4  5  6  7  8 |
---------------+-------------------------+-----
Long Blades    | 2 3 4 5 6 |  6.0
Fighting       | 3 4 5 6 |  6.3
Armour         | |  2.4
Shields        | |  2.6

Action                   |  1- 3 |  4- 6 |  7- 9 || total
-------------------------+-------+-------+-------++-------
Melee: Long sword        |    87 |   140 |   156 ||   383
       Bite              |    22 |    44 |    53 ||   119
  Use: Potion            |       |     1 |       ||     1
       Scroll            |       |       |     5 ||     5
 Stab: Paralysed         |       |       |     4 ||     4
  Eat: Chunk             |     2 |     5 |     7 ||    14
Armor: Scale mail        |    64 |    57 |     8 ||   129
       Plate armour      |       |       |    60 ||    60
Dodge: Dodged            |    43 |    32 |    21 ||    96
Block: Shield            |    52 |    62 |    71 ||   185
       Rpst.: Long sword |    13 |    10 |     7 ||    30
